 Dungeon Crawl Stone Soup version bcrawl-1.34.5 (console) character file.

Game seed: 8642450575140245740

365743 GodsVoicemail the Brawler (level 12, -2/97 HPs)
             Began as a Centaur Hunter on Nov 14, 2021.
             Slain by Psyche
             ... wielding a +4 dagger of distortion
              (10 damage)
             ... on level 11 of the Dungeon on Nov 15, 2021.
             The game lasted 01:55:41 (15204 turns).

GodsVoicemail the Brawler (Centaur Hunter)         Turns: 15204, Time: 01:55:41

Health: -2/97      AC: 11    Str: 17    XL:     12   Next: 57%
Magic:  14/14      EV: 17    Int: 16    God:
Gold:   1230       SH:  0    Dex: 17    Spells: 11/11 levels left

rFire    + . .     SeeInvis +   b - +3 shortbow
rCold    . . .     Gourm    .   (shield currently unavailable)
rNeg     . . .     Faith    .   C - +1 leather armour of Orthodoxy {Int+3 Dex+2}
rPois    .         Spirit   .   P - +0 helmet
rElec    .         Reflect  .   (no cloak)
rCorr    .         Harm     .   v - +0 pair of gloves
MR       .....                  (no barding)
Stlth    ..........             G - amulet of regeneration
HPRegen  0.68/turn              A - +4 ring of protection
MPRegen  0.14/turn              M - +6 ring of evasion

@: confused, lethally poisoned (-2 -> -2), silence, invisible, very quick
A: large, hooves 3, see invisible, clever 1, deformed body, fire resistance 1,
herbivore, speed 2, tough skin 3
a: no special abilities


You were on level 11 of the Dungeon.
You were hungry.

You visited 3 branches of the dungeon, and saw 14 of its levels.
You also visited: Sewer and Volcano.

You collected 1308 gold pieces.
You spent 78 gold pieces at shops.

Inventory:

Hand Weapons
 b - a +3 shortbow (weapon)
 w - a +0 hunting sling
Missiles
 d - 1376 arrows (quivered)
 j - 2469 stones
 r - 1874 sling bullets
 y - 1119 bolts
 B - 307 poisoned tomahawks
 F - 60 curare-tipped needles
 J - 2 throwing nets {=f}
Armour
 v - a +0 pair of gloves (worn)
 C - the +1 leather armour of Orthodoxy (worn) {Int+3 Dex+2}
   (You found it on level 4 of the Dungeon)

   It affects your intelligence (+3).
   It affects your dexterity (+2).
 P - a +0 helmet (worn)
Jewellery
 A - a +4 ring of protection (left hand)
 G - an amulet of regeneration (around neck)
 M - a +6 ring of evasion (right hand)
Wands
 m - a wand of scattershot (4)
 L - a wand of random effects (11)
 N - a wand of disintegration (12)
Scrolls
 a - 2 scrolls of fog
 c - a scroll of amnesia
 g - 3 scrolls of magic mapping
 h - 10 scrolls of teleportation
 i - a scroll of identify
 k - 5 scrolls of enchant weapon
 l - 3 scrolls of immolation
 t - 4 scrolls of enchant armour
 u - 10 scrolls of remove curse
 D - 4 scrolls of fear
 E - 2 scrolls of noise
 H - a scroll of blinking
 Q - a scroll of brand weapon {unknown}
 R - a scroll of silence
Potions
 f - 5 potions of magic
 n - 6 potions of brilliance
 o - 4 potions of flight
 q - 6 potions of curing
 I - a potion of might
 K - a potion of mutation
 O - a potion of resistance {unknown}
Comestibles
 e - 15 rations {!d}


   Skills:
 + Level 6.3 Fighting
 - Level 14.5 Bows
 - Level 3.0 Throwing
 - Level 2.7 Dodging
 - Level 0.5 Stealth
 * Level 15.6 Unarmed Combat
 - Level 3.0 Evocations


You had 11 spell levels left.
You didn't know any spells.
Your spell library was empty.

Dungeon Overview and Level Annotations

Branches:
Dungeon (11/12)            Temple (1/1) D:6            Lair (2/6) D:8
    Orc (0/1) D:11
  Swamp: Lair:2-4    Shoals: Lair:2-4     Snake: Lair:2-4    Spider: Lair:2-4
 Vaults: D:11-12

Altars:
Ashenzari
Cheibriados
Dithmenos
Elyvilon
Fedhas
Gozag
Hepliaklqana
Kikubaaqudgha
Lugonu
Makhleb
Nemelex Xobeh
Qazlal
Sif Muna
Trog
Uskayaw
Vehumet
Wu Jian
Xom
Yredelemnul
Zin
The Shining One

Shops:
D:4 ?   D:5 *   D:9 =

Annotations:
D:3 4 exclusions
D:8 exclusion: 2 downstairs
D:11 Psyche
Lair:1 exclusion: downstairs
Lair:2 exclusion: hydra


Innate Abilities, Weirdness & Mutations

You have hooves in place of feet.
Armour fits poorly on your strangely shaped body.
You are a herbivore.
You cover ground very quickly.
You have extremely tough skin. (AC +3)
You have supernaturally acute eyesight. (SInv)
Your mind is acute. (Int +2)
Your flesh is heat resistant. (rF+)


Message History

Press: ? - help, Shift-Dir - straight line, f/p - Psyche
Aim: Psyche, wielding a +4 dagger of distortion and wearing a +0 robe (silenced, moderately wounded, fast, covered in acid)
The bolt of acid hits Psyche!
Psyche is splashed with acid!
Psyche seems to be corroded for longer.
Psyche is severely wounded.
The now-empty wand crumbles to dust.
Psyche misses you. Psyche hits you but does no damage.
Space warps horribly around you!
* * * LOW HITPOINT WARNING * * *
Unknown command.
Press: ? - help, v - describe, . - travel
Here: Psyche, wielding a +4 dagger of distortion and wearing a +0 robe (silenced, severely wounded, fast, covered in acid)
You are confused.
You feel invigorated.
You feel sick.
Psyche hits you with a +4 dagger of distortion.
* * * LOW HITPOINT WARNING * * *
Space bends around you!
* * * LOW HITPOINT WARNING * * *
You fade into invisibility!
Psyche hits you but does no damage. Space warps horribly around you!
You die...

. . .........###.##.# ..#
####.#.## #.##.#
#.#######.#.####.##.#
.##......#.....#.##.# #
#.#)##.#.##.#
###.#####.#......##.#
z.<.......#.<#.#.##)#
...(.........#.#.##.# #####.#
..####.####....[@...####...T...
.....#. ####..@.........o....
.....# ###[#######)####.# .....
#.........# ....8
#.#######...... ..... #.#
##.#.. #.# .# #.# # #.#


You could see Psyche.

Vanquished Creatures
  A fire dragon (Volcano)
  A hydra (D:10)
  A two-headed ogre (D:10)
  4 lindwurms (Volcano)
  Pikel (D:4)
  2 gargoyles (D:10)
  5 cane toads
  4 smoke demons (Volcano)
  An efreet (D:10)
  A centaur skeleton (D:8)
  A komodo dragon (D:9)
  3 trolls
  A queen bee (D:10)
  A hornet (D:8)
  3 hippogriffs
  A shadow (D:8)
  13 yaks
  A wyvern (D:10)
  Eustachio (D:6)
  A hungry ghost (D:7)
  Menkaure (D:4)
  3 steam dragons (Volcano)
  2 hell hounds (Volcano)
  2 crocodiles
  3 water moccasins
  Edmund (D:4)
  A porcupine (Lair:2)
  A hornet zombie (D:9)
  2 ice beasts
  A phantom (D:8)
  9 ogres
  A black bear (D:4)
  2 orc warriors
  5 sky beasts
  9 centaurs
  A necrophage (D:8)
  2 wolves
  14 bullfrogs
  Blork the orc (D:6)
  A gnoll sergeant (D:6)
  A wyvern zombie (D:5)
  A water moccasin skeleton (D:4)
  25 killer bees (D:10)
  11 wights (D:10)
  2 electric eels
  8 howler monkeys
  6 orc priests
  A lava snake (D:8)
  2 bullfrog zombies (D:5)
  5 crimson imps
  2 centaur zombies
  7 hounds
  11 orc wizards
  An iguana (D:9)
  Natasha (twice) (D:4)
  9 worker ants
  A hound zombie (D:6)
  A hound skeleton (D:5)
  A worker ant zombie (D:9)
  A howler monkey skeleton (D:4)
  9 gnolls
  2 river rats (D:3)
  12 adders
  A shadow imp (D:8)
  3 adder zombies
  3 adder skeletons
  8 worms
  3 dart slugs
  9 leopard geckos
  40 orcs
  5 ball pythons
  14 giant cockroaches
  4 goblins
  7 hobgoblins
  11 jackals
  18 kobolds
  3 quokkas
  3 bats
  9 frilled lizards
  A jackal skeleton (D:5)
  4 rats (D:3)
376 creatures vanquished.

Vanquished Creatures (others)
  2 fungi (D:9)
2 creatures vanquished.

Grand Total: 378 creatures vanquished

Notes
Turn   | Place    | Note
-------+----------+-------------------------------------------
     0 | D:1      | GodsVoicemail the Centaur Hunter began the quest for the
                  | Orb.
     0 | D:1      | Reached XP level 1. HP: 17/17 MP: 1/1
   395 | D:1      | Reached skill level 1 in Unarmed Combat
   398 | D:1      | Reached XP level 2. HP: 17/24 MP: 2/2
  1001 | D:1      | Reached XP level 3. HP: 25/29 MP: 3/3
  1246 | D:1      | Reached skill level 2 in Unarmed Combat
  1493 | D:2      | Got a faintly glowing silver amulet
  1991 | D:2      | Reached XP level 4. HP: 36/36 MP: 4/4
  2636 | D:3      | Reached skill level 3 in Unarmed Combat
  2738 | D:3      | Noticed an ogre
  2763 | D:3      | Killed an ogre
  2764 | D:3      | Reached XP level 5. HP: 42/42 MP: 5/5
  2974 | D:3      | Reached XP level 6. HP: 50/50 MP: 6/6
  2981 | D:3      | Found a glowing drain.
  3001 | Sewer    | Entered a sewer
  3057 | Sewer    | Identified the amulet of Creativity {Inacc Int+2} (You
                  | found it on level 2 of the Dungeon)
  3940 | D:3      | Reached skill level 4 in Unarmed Combat
  4066 | D:4      | Noticed Natasha
  4069 | D:4      | Killed Natasha
  4342 | D:4      | Got a shimmering leather armour
  4343 | D:4      | Identified the cursed +1 leather armour of Orthodoxy {Int+3
                  | Dex+2} (You found it on level 4 of the Dungeon)
  4439 | D:4      | Noticed Menkaure
  4579 | D:4      | Noticed Edmund
  4688 | D:4      | Noticed a slave
  4691 | D:4      | Noticed a slave
  4691 | D:4      | Noticed Pikel
  4701 | D:4      | Noticed a slave
  4701 | D:4      | Noticed a slave
  4796 | D:4      | Gained mutation: Your flesh is heat resistant. (rF+)
                  | [potion of mutation]
  4796 | D:4      | Gained mutation: Your mind is acute. (Int +2) [potion of
                  | mutation]
  4796 | D:4      | Gained mutation: You have supernaturally acute eyesight.
                  | (SInv) [potion of mutation]
  4800 | D:4      | Killed Pikel
  4801 | D:4      | Reached skill level 5 in Unarmed Combat
  4801 | D:4      | Reached XP level 7. HP: 49/59 MP: 7/7
  4807 | D:4      | Killed Edmund
  5066 | D:4      | Reached skill level 6 in Unarmed Combat
  5066 | D:4      | Reached XP level 8. HP: 50/67 MP: 8/8
  5250 | D:3      | Reached skill level 10 in Bows
  5262 | D:4      | Killed Menkaure
  5348 | D:4      | Reached skill level 5 in Fighting
  5375 | D:4      | Found Ecoovomp's Magic Scroll Emporium.
  5382 | D:4      | Bought a scroll of teleportation for 36 gold pieces
  5382 | D:4      | Bought a scroll of magic mapping for 42 gold pieces
  5563 | D:4      | Noticed Natasha
  5573 | D:4      | Killed Natasha
  5632 | D:4      | Found a shimmering altar of Xom.
  5779 | D:5      | Entered Level 5 of the Dungeon
  5850 | D:5      | Reached skill level 7 in Unarmed Combat
  5952 | D:5      | Reached XP level 9. HP: 62/74 MP: 9/9
  6191 | D:5      | Found Xetas's Assorted Antiques.
  6737 | D:6      | Reached skill level 8 in Unarmed Combat
  6788 | D:6      | Found a sparkling altar of Nemelex Xobeh.
  6982 | D:6      | Found a staircase to the Ecumenical Temple.
  6993 | Temple   | Entered the Ecumenical Temple
  7284 | D:6      | Noticed Blork the orc
  7304 | D:6      | Killed Blork the orc
  7651 | D:6      | Reached skill level 1 in Throwing
  7711 | D:6      | Noticed Eustachio
  7725 | D:6      | Killed Eustachio
  7726 | D:6      | Reached skill level 1 in Evocations
  8252 | D:7      | Reached skill level 9 in Unarmed Combat
  8496 | D:7      | Found a white marble altar of Elyvilon.
  8497 | D:7      | Found a radiant altar of Vehumet.
  8932 | D:7      | Reached XP level 10. HP: 81/81 MP: 10/10
  9372 | D:8      | Identified the +6 scimitar "Morag" {slice, rElec MR+}
  9445 | D:8      | Reached skill level 10 in Unarmed Combat
  9728 | D:8      | Found a staircase to the Lair.
 10004 | Lair:1   | Entered Level 1 of the Lair of Beasts
 10004 | Lair:1   | Noticed a cane toad
 10048 | D:8      | Killed a cane toad
 10110 | Lair:1   | Found a dark tunnel.
 10140 | Volcano  | Entered a volcano
 10178 | Volcano  | Reached skill level 11 in Unarmed Combat
 10178 | Volcano  | Noticed a smoke demon
 10188 | Volcano  | Killed a smoke demon
 10253 | Volcano  | Noticed a smoke demon
 10253 | Volcano  | Noticed a smoke demon
 10286 | Volcano  | Killed a smoke demon
 10290 | Volcano  | Killed a smoke demon
 10308 | Volcano  | Noticed a smoke demon
 10311 | Volcano  | Noticed a lindwurm
 10320 | Volcano  | Noticed a lindwurm
 10321 | Volcano  | Killed a smoke demon
 10322 | Volcano  | Reached skill level 12 in Unarmed Combat
 10322 | Volcano  | Reached XP level 11. HP: 57/86 MP: 11/11
 10364 | Volcano  | Killed a lindwurm
 10477 | Volcano  | Killed a lindwurm
 10538 | Volcano  | Noticed a lindwurm
 10538 | Volcano  | Noticed a lindwurm
 10585 | Volcano  | Killed a lindwurm
 10608 | Volcano  | Killed a lindwurm
 10656 | Volcano  | Noticed a fire dragon
 10696 | Volcano  | Killed a fire dragon
 10697 | Volcano  | Reached skill level 13 in Unarmed Combat
 11735 | Lair:1   | Reached skill level 14 in Unarmed Combat
 11995 | Lair:2   | Noticed a seven-headed hydra
 12275 | D:9      | Found Yshriuwig's Jewellery Emporium.
 12789 | D:8      | Reached XP level 12. HP: 82/94 MP: 12/12
 13074 | D:9      | Reached skill level 15 in Unarmed Combat
 13352 | D:10     | Entered Level 10 of the Dungeon
 13778 | D:10     | Noticed a two-headed ogre
 13953 | D:10     | Noticed a five-headed hydra
 14064 | D:10     | Killed a two-headed ogre
 14102 | D:10     | Killed a five-headed hydra
 14954 | D:11     | Found a staircase to the Orcish Mines.
 15167 | D:11     | Noticed Psyche
 15203 | D:11     | HP: 4/97 [Psyche/+4 dagger of distortion (7)]
 15204 | D:11     | Slain by Psyche

Skill      XL: |  1  2  3  4  5  6  7  8  9 10 11 12 |
---------------+-------------------------------------+-----
Unarmed Combat | 1 2 3 5 6 7 9 12 14 15 | 15.6
Bows           | 6 7 9 11 12 14 | 14.5
Fighting       | 4 5 6 |  6.3
Dodging        | 2 |  2.7
Throwing       | 1 3 |  3.0
Evocations     | 1 3 |  3.0
Stealth        | |  0.5

Action                   |  1- 3 |  4- 6 |  7- 9 | 10-12 || total
-------------------------+-------+-------+-------+-------++-------
Melee: Short sword       |    16 |       |       |       ||    16
       Kick              |    12 |    35 |    48 |   103 ||   198
       Falchion          |    83 |   104 |       |       ||   187
       Punch             |       |     3 |     8 |    17 ||    28
       Unarmed           |       |    58 |   149 |   346 ||   553
 Fire: Shortbow          |    26 |    61 |   120 |   570 ||   777
       Hunting sling     |       |     7 |   159 |    56 ||   222
Throw: Stone             |     3 |    42 |     6 |     6 ||    57
       Tomahawk          |       |     4 |     9 |    15 ||    28
Evoke: Wand              |       |       |       |    12 ||    12
  Use: Scroll            |     3 |     9 |     2 |     9 ||    23
       Potion            |       |     5 |       |     9 ||    14
  Eat: Ration            |     1 |     4 |     6 |     8 ||    19
Armor: Leather armour    |    12 |    14 |    41 |    85 ||   152
       Ring mail         |    34 |    57 |       |       ||    91
       Skin              |       |     6 |     1 |       ||     7
Dodge: Dodged            |    34 |    80 |    54 |   251 ||   419
